 Dungeon Crawl Stone Soup version 0.25-a0-737-g26c3a87c45 (webtiles) character file.

Game seed: 6940966746068070084, levelgen mode: deterministic

23 Esekla the Grasshopper (level 3, -2/28 HPs)
             Began as a Barachi Warper on Apr 11, 2020.
             Slain by a kobold (4 damage)
             ... on level 1 of the Dungeon.
             The game lasted 00:04:07 (406 turns).

Esekla the Grasshopper (Barachi Warper)              Turns: 406, Time: 00:04:07

Health: -2/28      AC:  3    Str: 12    XL:     3   Next: 0%
Magic:  2/6        EV: 12    Int: 13    God:
Gold:   24         SH:  0    Dex: 12    Spells: 3/7 levels left

rFire    . . .     SeeInvis .   a - +0 falchion
rCold    . . .     Gourm    .   (no shield)
rNeg     . . .     Faith    .   b - +0 leather armour
rPois    .         Spirit   .   (no helmet)
rElec    .         Reflect  .   (no cloak)
rCorr    .         Harm     .   (no gloves)
MR       .....                  (no boots)
Stlth    +.........             (no amulet)
HPRegen  0.09/turn              (no ring)
MPRegen  0.10/turn              (no ring)

@: can't hop, slow
A: +LOS, swims, slowness 1, strong legs 1
a: Hop


You were on level 1 of the Dungeon.
You were not hungry.

You visited 1 branch of the dungeon, and saw 1 of its levels.

You collected 24 gold pieces.

Inventory:

Hand Weapons
 a - a +0 falchion (weapon)
Missiles
 e - 5 boomerangs of dispersal (quivered)
Armour
 b - a +0 leather armour (worn)
Scrolls
 c - 2 scrolls of noise {unknown}
 d - a scroll of blinking
 h - a scroll of identify {unknown}
Potions
 g - 2 potions of brilliance {unknown}
Comestibles
 f - a ration


   Skills:
 * Level 2.6 Fighting
 * Level 2.9 Long Blades
 + Level 1.0 Throwing
 + Level 1.2 Armour
 + Level 2.5 Dodging
 + Level 2.5 Spellcasting
 + Level 3.5 Translocations


You had 3 spell levels left.
You knew the following spells:

 Your Spells              Type           Power        Failure   Level  Hunger
a - Shroud of Golubria    Chrm/Tloc      #.....       22%         2    ###....
b - Blink                 Tloc           N/A          11%         2    ###....

Your spell library contained the following spells:

 Spells                   Type           Power        Failure   Level  Hunger
 Gell's Gravitas          Tloc           ##........   22%         3    ###....
 Lesser Beckoning         Tloc           ##........   22%         3    ###....
 Teleport Other           Tloc           ##......     22%         3    ###....
 Passage of Golubria      Tloc           N/A          58%         4    #####..


Dungeon Overview and Level Annotations

Branches:
Dungeon (1/15)

Altars:


Innate Abilities, Weirdness & Mutations

You can be seen from farther away. (+LOS)
You can swim through water.
You cover ground slowly.
You can hop short distances.


Message History

The bat closely misses you.
The bat barely misses you. x2; You riposte.
You hit the bat.
The bat is severely wounded.
Your shroud bends the giant cockroach's attack away.
The bat hits you but does no damage. The kobold hits you.
* * * LOW HITPOINT WARNING * * *
Your shroud falls apart!
You miss the bat.
The bat is severely wounded.
The bat misses you.
You riposte.
You closely miss the bat.
The bat hits you but does no damage. x2; The giant cockroach barely misses you.
The bat hits you but does no damage. The kobold hits you but does no damage.
The giant cockroach bites you.
* * * LOW HITPOINT WARNING * * *
You closely miss the bat.
The bat is severely wounded.
The bat hits you but does no damage. The bat closely misses you.
You riposte.
You barely miss the bat. The bat barely misses you.
The giant cockroach barely misses you. The kobold hits you.
You die...

... #..... . ... #....#
...... #....# .......
##########....# .... .
#........#..).. .....#'
#...........#..
##....####...........#..
#......b##...........#..
..#....##@##...........#..
........Ksg(...........'..
....#.....##(..........#..
...........'...........'..
############...........#..
#...........#..
######......#.. ########..
###


You could see a giant cockroach, a goblin, a bat and a kobold.

Vanquished Creatures
  A dart slug (D:1)
  A leopard gecko (D:1)
  4 hobgoblins (D:1)
  4 jackals (D:1)
  4 kobolds (D:1)
  A frilled lizard (D:1)
  3 goblins (D:1)
  A rat (D:1)
19 creatures vanquished.

Notes
Turn   | Place    | Note
-------+----------+-------------------------------------------
     0 | D:1      | Esekla the Barachi Warper began the quest for the Orb.
     0 | D:1      | Reached XP level 1. HP: 17/17 MP: 3/3
   100 | D:1      | Reached XP level 2. HP: 13/23 MP: 5/5
   104 | D:1      | Learned a level 2 spell: Shroud of Golubria
   107 | D:1      | Learned a level 2 spell: Blink
   396 | D:1      | Reached XP level 3. HP: 7/28 MP: 3/6
   406 | D:1      | Slain by a kobold

Levels and vault maps discovered:
D:1:      ncdulo_lavacross, layout_basic

Action                   || total
-------------------------++-------
Melee: Falchion          ||    71
 Cast: Shroud of Golubri ||     3
 Abil: Hop               ||     1
Armor: Leather armour    ||    27
Dodge: Dodged            ||    67
       Rpst.: Falchion   ||    22

Table legend:
 A = Non-vault XP
 B = Vault XP
 C = Vault XP percentage of total XP
 D = Non-vault monster count
 E = Vault monster count
 F = Vault count percentage of total count
                 A         B        C        D         E       F
            +---------+---------+-------+---------+---------+-------
      Total |      34 |       0 |   0.0 |      19 |       0 |   0.0
            +---------+---------+-------+---------+---------+-------
        D:1 |      34 |       0 |   0.0 |      19 |       0 |   0.0
            +---------+---------+-------+---------+---------+-------
